Map: Dusty Gorge

Players

PewPewMama

  • Race: Terran Terran
  • Spawn Location: 5:00

TrashLord

  • Race: Terran Terran
  • Spawn Location: 3:00

Massa - Winner!

  • Race: Terran Terran
  • League: Gold
  • Spawn Location: 9:00

qqq - Winner!

  • Race: Zerg Zerg
  • League: Platinum
  • Spawn Location: 11:00

VOD

Have the link to the VOD?

Description

Time

  • Played on: May 11, 2020, 11:51 a.m.
  • Length: 4:33
Show
View Real Time Build Order
Export as new Build Order

PewPewMama Terran 

Build Orders: Reaper Expand 

Get SALT Encoding   

  12  0:02  SCV  
  13  0:14  SCV  
  13  0:21  Supply Depot  
  14  0:27  SCV  
  15  0:42  SCV  
  16  0:44  Barracks  
  16  0:50  Refinery  
  16  0:54  SCV  
  17  1:06  SCV  
  18  1:18  SCV  
  19  1:32  Orbital Command  
  19  1:37  Reaper  
  20  1:46  Command Center  
  20  1:57  Barracks  
  20  2:00  SCV  
  21  2:10  Supply Depot  
  21  2:12  Barracks Reactor  
  21  2:16  Refinery, SCV  
  22  2:28  SCV  
  23  2:36  Factory  
  23  2:40  SCV  
  23  2:52  SCV  
  23  2:54  Marine x2  
  23  2:55  Barracks Tech Lab  
  26  2:59  Orbital Command  
  26  3:04  SCV  
  27  3:15  Marine x3  
  27  3:16  SCV  
  31  3:24  SCV  
  32  3:28  SCV  
  32  3:33  Marine x2  
  35  3:35  Starport  
  35  3:37  Marine  
  36  3:43  SCV, Supply Depot  
  36  3:48  SCV, Factory Reactor  
  37  3:56  SCV  
  38  4:08  Marine x2  
  38  4:09  Marine  
Show
View Real Time Build Order
Export as new Build Order

TrashLord Terran 

Build Orders: Reaper Expand 

Get SALT Encoding   

  12  0:01  SCV  
  13  0:14  Supply Depot  
  13  0:18  SCV  
  14  0:30  SCV  
  15  0:42  Refinery  
  15  0:45  Barracks  
  15  0:56  SCV  
  16  1:08  SCV  
  17  1:21  SCV  
  18  1:36  Orbital Command  
  18  1:40  Reaper  
  19  1:54  Command Center  
  19  2:02  SCV  
  20  2:14  SCV  
  21  2:19  Refinery  
  21  2:22  Factory  
  21  2:26  SCV  
  21  3:22  Factory Tech Lab  
  21  3:24  Barracks  
  21  3:26  Orbital Command  
  21  3:27  Barracks  
  21  3:32  Marine  
  21  3:34  Bunker  
  22  3:37  SCV, Barracks  
  23  3:47  Siege Tank  
  26  3:49  SCV  
  26  3:50  Marine  
  26  3:54  SCV  
  29  4:01  SCV  
  29  4:06  SCV  
  24  4:12  Marine  
  24  4:13  Marine  
Show
View Real Time Build Order
Export as new Build Order

Massa Terran - Winner!

Build Orders:  

Get SALT Encoding   

  12  0:11  Supply Depot  
  12  0:13  SCV  
  13  0:25  SCV  
  14  0:35  Barracks  
  14  0:37  SCV  
  15  0:51  SCV, Supply Depot  
  16  1:03  SCV  
  17  1:11  Barracks  
  17  1:19  SCV  
  17  1:20  Supply Depot  
  18  1:26  Marine  
  19  1:36  Supply Depot  
  19  1:46  Barracks  
  19  1:51  Marine  
  20  1:58  Barracks  
  20  2:01  SCV  
  21  2:09  Marine  
  21  2:12  Refinery  
  21  2:15  SCV  
  23  2:29  Marine  
  24  2:42  Marine  
  23  2:47  Marine  
  22  2:59  Marine  
  22  3:04  Marine  
  22  3:05  Marine x2  
  24  3:08  Orbital Command  
  26  3:17  Marine  
  27  3:21  Supply Depot  
  27  3:22  Marine  
  27  3:23  Marine x2  
  30  3:35  Marine  
  30  3:38  SCV  
  30  3:40  Marine  
  30  3:41  Marine x2  
  33  3:45  Supply Depot  
  35  3:53  Marine  
  36  3:58  Marine  
  36  3:59  Marine x2  
Show
View Real Time Build Order
Export as new Build Order

qqq Zerg - Winner!

Build Orders: Hatch First 

Get SALT Encoding   

  12  0:01  Drone  
  13  0:08  Drone  
  14  0:37  Hatchery  
  13  0:52  Spawning Pool  
  12  1:00  Overlord  
  12  1:04  Drone  
  12  1:09  Drone  
  14  1:12  Extractor  
  14  1:16  Drone  
  14  1:29  Drone  
  15  1:39  Drone  
  16  1:42  Queen  
  18  1:47  Zergling x2  
  19  1:55  Queen  
  19  2:00  Drone  
  22  2:04  Zergling x2  
  22  2:07  Zergling x2  
  24  2:16  Overlord  
  24  2:26  Metabolic Boost  
  24  2:29  Zergling x2  
  25  2:31  Drone  
  26  2:39  Overlord  
  26  2:42  Zergling x2  
  27  2:45  Drone  
  27  2:50  Drone  
  29  2:58  Zergling x4  
  31  3:01  Zergling x2  
  31  3:04  Zergling x2  
  33  3:21  Zergling x6  
  33  3:22  Zergling x4  
  33  3:23  Zergling x2  
  39  3:29  Zergling x4  
  41  3:35  Overlord  
  41  3:41  Zergling x2  
  42  3:42  Zergling x2  
  42  3:47  Zergling x2  
  44  3:50  Overlord  
  44  4:02  Zergling x6  
  46  4:03  Zergling x4  
Tags
 
Add a new tag
Caveats
  • Supply blocks, unpowered buildings, or Contaminate may cause inaccurate times.
  • Supply counts are checked every 10 seconds.